 Dungeon Crawl Stone Soup version 0.29-a0-330-g52719c12eb (webtiles) character file.

Game seed: 892146877777336754

78585 HoaS the Sniper (level 16, -7/103 HPs)
             Began as a Kobold Hunter on May 21, 2022.
             Was the Champion of Makhleb.
             Succumbed to a naga ritualist's splash of poison
             ... on level 4 of the Lair of Beasts.
             The game lasted 00:51:50 (21479 turns).

HoaS the Sniper (Kobold Hunter)                    Turns: 21479, Time: 00:51:50

Health: -7/103     AC: 20    Str:  9    XL:     16   Next: 8%
Magic:  1/16       EV: 27    Int: 11    God:    Makhleb [******]
Gold:   2954       SH:  0    Dex: 32    Spells: 15/15 levels left

rFire   . . .      SeeInvis .   u - +7 triple crossbow (vorpal)
rCold   + . .      Faith    .   (shield currently unavailable)
rNeg    . . .      Spirit   .   O - +0 acid dragon scales
rPois   x          Reflect  .   q - +1 helmet
rElec   .          Harm     .   r - +0 cloak
rCorr   +          Rampage  .   d - +1 pair of gloves {Dex+3}
Will    +....                   F - +0 pair of boots
Stlth   +++.......              K - amulet of regeneration
HPRegen 1.07/turn               b - +4 ring of slaying
MPRegen 0.15/turn               e - ring of the Kangaroo {rC+ AC+4 Dex+4}

@: lethally poisoned (-7 -> -28), poison vulnerable, studying 2 skills
A: small, no large weapons, nightstalker 3
a: Renounce Religion, Minor Destruction, Lesser Servant of Makhleb, Major
Destruction, Greater Servant of Makhleb


You were on level 4 of the Lair of Beasts.
You worshipped Makhleb.
Makhleb was exalted by your worship.
You visited 5 branches of the dungeon, and saw 24 of its levels.

You collected 2990 gold pieces.
You spent 36 gold pieces at shops.

Inventory:

Hand Weapons
 u - a +7 vorpal triple crossbow (weapon)
Missiles
 Q - 5 throwing nets
Armour
 d - a +1 pair of gloves of dexterity (worn)
 q - a +1 helmet (worn)
 r - a +0 cloak (worn)
 F - a +0 pair of boots (worn)
 O - +0 acid dragon scales (worn)
Jewellery
 a - a ring of flight
 b - a +4 ring of slaying (left hand)
 e - the ring of the Kangaroo (right hand) {rC+ AC+4 Dex+4}
   (You found it on level 3 of the Dungeon)

   [ring of protection]

   AC:        It affects your AC (+4).
   Dex:       It affects your dexterity (+4).
   rC:        It protects you from cold.
 k - a ring of protection from fire
 y - a ring of willpower
 D - a +4 ring of evasion
 K - an amulet of regeneration (around neck)
 L - a ring of fire
 N - a +6 ring of strength
Wands
 g - a wand of digging (3)
 n - a wand of iceblast (23)
 B - a wand of polymorph (17)
 E - a wand of acid (25)
 G - a wand of flame (26)
 H - a wand of paralysis (7)
 I - a wand of mindburst (17)
Scrolls
 c - 3 scrolls of immolation
 i - 2 scrolls of brand weapon
 j - 9 scrolls of teleportation
 t - 2 scrolls of blinking
 w - 2 scrolls of fog
 A - 2 scrolls of magic mapping
 C - a scroll of fear
 J - a scroll of silence
 P - 3 scrolls of summoning
Potions
 f - 4 potions of mutation
 h - 7 potions of curing
 l - 4 potions of attraction
 m - 3 potions of berserk rage
 o - 2 potions of cancellation
 p - 3 potions of flight
 v - 2 potions of resistance
 x - 6 potions of heal wounds
 z - a potion of might
 M - a potion of lignification


   Skills:
 * Level 12.5 Fighting
 - Level 26.0 Crossbows
 - Level 9.0 Armour
 + Level 11.5 Dodging
 - Level 1.3 Stealth


You had 15 spell levels left.
You didn't know any spells.
Your spell library contained the following spells:

 Spells                   Type           Power      Damage    Failure   Level
 Sandblast                Erth           0%         2d4       47%         1
 Slow                     Hex            0%         N/A       47%         1
 Ensorcelled Hibernation  Hex/Ice        0%         N/A       63%         2
 Passwall                 Tmut/Erth      0%         N/A       63%         2
 Static Discharge         Conj/Air       0%         N/A       63%         2
 Confusing Touch          Hex            0%         N/A       85%         3
 Dazzling Flash           Conj/Hex       0%         N/A       85%         3
 Gell's Gravitas          Tloc           0%         N/A       85%         3
 Lesser Beckoning         Tloc           0%         N/A       85%         3
 Ozocubu's Armour         Ice            0%         N/A       85%         3
 Stone Arrow              Conj/Erth      0%         3d7       85%         3
 Swiftness                Air            0%         N/A       85%         3
 Teleport Other           Tloc           0%         N/A       85%         3
 Vampiric Draining        Necr           0%         2d6       85%         3
 Animate Armour           Summ/Erth      0%         N/A       99%         4
 Dispel Undead            Necr           0%         3d6       99%         4
 Sticky Flame             Conj/Fire      0%         2d3       99%         4
 Summon Ice Beast         Ice/Summ       0%         N/A       99%         4
 Agony                    Necr           0%         N/A       100%        5
 Blade Hands              Tmut           0%         N/A       100%        5
 Metabolic Englaciation   Hex/Ice        0%         N/A       100%        5
 Silence                  Hex/Air        0%         N/A       100%        5
 Summon Mana Viper        Hex/Summ       0%         N/A       100%        5
 Iron Shot                Conj/Erth      0%         9d1       100%        6
 Simulacrum               Ice/Necr       0%         N/A       100%        6
 Monstrous Menagerie      Summ           0%         N/A       100%        7


Dungeon Overview and Level Annotations

Branches:
Dungeon (14/15)            Temple (1/1) D:5            Lair (6/6) D:10
  Swamp (0/4) Lair:3        Snake (1/4) Lair:4        Slime (0/5) Lair:5
    Orc (2/2) D:11            Elf (0/3) Orc:2
 Vaults: D:13-14

Altars:
Ashenzari
Cheibriados
Dithmenos
Elyvilon
Fedhas
Gozag
Hepliaklqana
Kikubaaqudgha
Makhleb
Nemelex Xobeh
Okawaru
Qazlal
Ru
Sif Muna
Trog
Uskayaw
Vehumet
Wu Jian
Xom
Yredelemnul
Zin
The Shining One
Beogh
Jiyva

Shops:
D:7 ?   Orc:2 :[*!

Portals:
Hell: Lair:6
Pandemonium: Orc:2

Annotations:
Lair:5 1 runed translucent door


Innate Abilities, Weirdness & Mutations

You are small and have problems with some larger weapons.
You are completely attuned to the shadows.


Message History

The black mamba poisons you!
The black mamba bites you but does no damage.
The mana viper misses you. The mana viper completely misses you.
The anaconda closely misses you. The anaconda constricts you.
The naga ritualist spits poison at you. The splash of poison misses you.
The splash of poison misses the anaconda.
Shoot: u) +7 triple crossbow (vorpal)
Press: ? - help, Q - select action, (/) - cycle Shift-Dir - straight line, f/p - anaconda
Aim: an anaconda (heavily wounded, constricting you, 71% to hit)
You shoot a bolt. The bolt hits the anaconda!!!
You kill the anaconda!
Makhleb accepts your kill.
You feel better.
You feel extremely sick. The black mamba misses you.
The black mamba completely misses you.
The mana viper completely misses you. x2; The black mamba bites you!
The black mamba misses you.
The mana viper bites you but does no damage.
The naga ritualist completely misses you.
The naga ritualist closely misses you. The mana viper closely misses you.
You feel extremely sick. The black mamba closely misses you.
The black mamba misses you. The black mamba barely misses you.
The mana viper completely misses you. The mana viper bites you!
* * * LOW HITPOINT WARNING * * *
You feel your power leaking away. The black mamba barely misses you.
The naga ritualist spits poison at you. The splash of poison hits you!
You are more poisoned.
* * * LOW HITPOINT WARNING * * *
You climb upwards.
Welcome back to the Lair of Beasts!
Your surroundings suddenly seem different.
Splash!
You fall into the shallow water.
Moving in this stuff is going to be slow.
* * * LOW HITPOINT WARNING * * *
You feel extremely sick.
You die...

.≈≈≈≈≈≈.##.#....PP≈≈≈≈≈≈≈≈♣♣
≈≈≈≈≈≈≈≈........≈≈≈≈P≈≈≈≈≈≈♣
≈≈≈≈≈≈≈≈........P≈≈≈≈≈≈≈≈≈≈♣
≈≈.≈≈≈≈≈.........≈≈≈P≈≈≈≈≈≈P♣♣
≈≈≈>.≈≈≈≈≈.#....≈≈≈P≈≈≈≈≈≈≈≈≈♣
≈≈≈≈.≈≈≈.##.#....PP≈P≈≈≈≈≈≈≈P♣
≈≈≈≈≈≈≈≈.####.....≈≈≈≈≈≈≈≈≈≈≈♣
≈≈≈≈≈≈≈≈.P##.....P≈≈≈≈≈≈≈≈≈≈≈♣
.≈≈≈≈≈≈≈........@≈≈≈≈≈≈≈≈≈≈≈♣♣
...≈............≈P≈≈P≈P≈P≈♣♣♣
................≈≈≈≈≈≈≈≈♣♣♣
###.P########.....#≈#≈♣♣♣ ####
##...##≈##♣# #....#### ##
#....# .###########....#
.#.......P.P....##


There were no monsters in sight!

Vanquished Creatures
  Rupert (Lair:3)
  A war gargoyle (D:13)
  10 hydras
  A rakshasa (D:13)
  A boulder beetle (Lair:6)
  A centaur warrior (D:12)
  2 demonspawn (Orc:2)
  2 catoblepae (Lair:6)
  6 two-headed ogres
  An anaconda (Snake:1)
  5 death yaks (Lair:6)
  Urug (Lair:3)
  6 orc high priests (Orc:2)
  Sonja (Lair:1)
  Amaemon (Lair:3)
  Nergalle (Lair:3)
  5 skeletal warriors (D:11)
  A sixfirhy (Lair:6)
  A fire crab (Lair:6)
  2 bog bodies (Lair:3)
  2 wizards
  A mana viper (Lair:4)
  3 cyclopes
  5 orc knights
  7 orc sorcerers
  3 ugly things
  A manticore (D:11)
  8 elephants
  6 black mambas
  A smoke demon (Lair:6)
  A gargoyle (D:12)
  18 cane toads
  Maggie (Lair:2)
  3 orange demons
  10 komodo dragons
  8 rime drakes
  A red devil (Lair:6)
  3 ice devils (Lair:6)
  A troll (D:13)
  3 polar bears
  Grinder (D:3)
  19 blink frogs
  6 dream sheep (Lair:6)
  Sigmund (D:4)
  20 yaks
  A wraith (D:12)
  6 wyverns
  A shadow (D:12)
  A ynoxinul (Orc:2)
  3 basilisks
  5 vampire mosquitoes
  A chaos spawn (Orc:2)
  3 nagas (Lair:4)
  18 water moccasins
  4 hell hounds (Lair:6)
  An acid dragon (D:11)
  6 black bears
  27 orc warriors
  2 sky beasts
  5 ogres
  15 wolves
  3 centaurs
  A phantom (D:4)
  3 kobold brigands
  15 bullfrogs
  2 necrophages
  4 gnoll sergeants
  2 scorpions
  3 wights (D:8)
  A water moccasin skeleton (D:5)
  An electric eel (Lair:4)
  6 howler monkeys
  A centaur zombie (D:5)
  4 hounds
  A bullfrog skeleton (D:5)
  20 orc priests
  5 iguanas
  Jessica (D:3)
  A centaur skeleton (D:5)
  14 orc wizards
  A scorpion zombie (D:5)
  A killer bee zombie (D:5)
  A hound zombie (D:5)
  23 gnolls
  9 adders
  2 ufetubi
  2 adder skeletons (D:5)
  8 worms
  4 dart slugs
  74 orcs
  5 bats
  8 endoplasms
  5 giant cockroaches
  3 hobgoblins
  8 jackals
  6 quokkas
  5 ball pythons
  A frilled lizard (D:1)
  8 goblins
  21 kobolds
  7 rats
572 creatures vanquished.

Vanquished Creatures (others)
  Maurice (D:8)
  34 fungi
  39 plants
  2 withered plants (D:5)
76 creatures vanquished.

Grand Total: 648 creatures vanquished

Notes
Turn   | Place    | Note
-------+----------+-------------------------------------------
     0 | D:1      | HoaS the Kobold Hunter began the quest for the Orb.
     0 | D:1      | Reached XP level 1. HP: 12/12 MP: 1/1
   200 | D:1      | Reached XP level 2. HP: 17/17 MP: 2/2
   435 | D:1      | Reached skill level 6 in Crossbows
   753 | D:1      | Reached XP level 3. HP: 17/21 MP: 3/3
  1353 | D:2      | Reached skill level 7 in Crossbows
  1353 | D:2      | Reached XP level 4. HP: 26/26 MP: 4/4
  1907 | D:2      | Found a faded altar of an unknown god.
  2134 | D:3      | Identified the ring of the Kangaroo {rC+ AC+4 Dex+4}
  2393 | D:3      | Reached XP level 5. HP: 30/30 MP: 5/5
  2404 | D:3      | Reached skill level 8 in Crossbows
  2713 | D:3      | Noticed Grinder
  2733 | D:3      | Noticed Jessica
  2738 | D:3      | Killed Jessica
  2970 | D:4      | Noticed Sigmund
  3042 | D:4      | Reached XP level 6. HP: 35/35 MP: 6/6
  3053 | D:4      | Reached skill level 9 in Crossbows
  3298 | D:4      | Noticed an ogre
  3303 | D:4      | Killed an ogre
  3747 | D:4      | Reached skill level 10 in Crossbows
  4104 | D:4      | Killed Sigmund
  4105 | D:4      | Reached skill level 1 in Armour
  4105 | D:4      | Reached XP level 7. HP: 32/41 MP: 7/7
  4240 | D:3      | Killed Grinder
  4248 | D:3      | Reached XP level 8. HP: 32/48 MP: 8/8
  4438 | D:5      | Entered Level 5 of the Dungeon
  4513 | D:4      | Reached skill level 5 in Fighting
  4742 | D:5      | Noticed a yak
  4758 | D:5      | Killed a yak
  4759 | D:5      | Reached skill level 5 in Dodging
  5251 | D:5      | Reached XP level 9. HP: 56/56 MP: 9/9
  5321 | D:5      | Found a staircase to the Ecumenical Temple.
  5330 | Temple   | Entered the Ecumenical Temple
  5718 | D:5      | Identified a scroll of acquirement
  5718 | D:5      | Acquired a +2 triple crossbow of flaming
  5924 | D:5      | You fall into a shaft and drop 1 floor!
  8226 | D:7      | Reached XP level 10. HP: 66/66 MP: 10/10
  8231 | D:7      | Found Taoz's Magic Scroll Shoppe.
  8488 | D:8      | Found a burning altar of Makhleb.
  8493 | D:8      | Became a worshipper of Makhleb the Destroyer
  8555 | D:8      | Identified the +8 whip "Iviluh" {vorpal, rC- rN+ rCorr}
  8802 | D:8      | Noticed Maurice
  8817 | D:8      | Killed Maurice
  8818 | D:8      | Reached skill level 5 in Armour
  9031 | D:8      | Identified the +0 robe of Precision Catastrophes {Regen+
                  | Str+7 Int-5 Dex-3}
  9112 | D:8      | Reached skill level 10 in Fighting
  9670 | D:9      | Reached * piety under Makhleb
  9949 | D:9      | Noticed a two-headed ogre
  9959 | D:9      | Killed a two-headed ogre
  9960 | D:9      | Reached skill level 10 in Dodging
 10300 | D:9      | Noticed a two-headed ogre
 10307 | D:9      | Killed a two-headed ogre
 10308 | D:9      | Reached skill level 11 in Crossbows
 10344 | D:10     | Entered Level 10 of the Dungeon
 10351 | D:10     | Reached XP level 11. HP: 72/72 MP: 11/11
 10578 | D:10     | Reached skill level 12 in Crossbows
 10600 | D:10     | Reached skill level 13 in Crossbows
 10611 | D:10     | Found a staircase to the Lair.
 11123 | D:10     | Reached ** piety under Makhleb
 11233 | D:10     | Acquired 1082 gold pieces
 11321 | D:10     | Reached skill level 14 in Crossbows
 11540 | Lair:1   | Entered Level 1 of the Lair of Beasts
 11594 | Lair:1   | Reached skill level 15 in Crossbows
 11893 | Lair:1   | Noticed Sonja
 11904 | Lair:1   | Killed Sonja
 11905 | Lair:1   | Reached skill level 16 in Crossbows
 12177 | Lair:1   | Reached XP level 12. HP: 77/77 MP: 12/12
 12275 | Lair:1   | Noticed a five-headed hydra
 12278 | Lair:1   | Killed a five-headed hydra
 12514 | Lair:2   | Reached skill level 17 in Crossbows
 13039 | Lair:1   | Reached *** piety under Makhleb
 13052 | Lair:1   | Reached skill level 18 in Crossbows
 13192 | Lair:2   | Noticed Maggie
 13195 | Lair:2   | Killed Maggie
 13560 | Lair:3   | Noticed Urug
 13563 | Lair:3   | Killed Urug
 13563 | Lair:3   | Noticed Amaemon
 13569 | Lair:3   | Killed Amaemon
 13681 | Lair:3   | Identified the -6 pair of gloves of the Other World {rN+}
 13682 | Lair:3   | Noticed Nergalle
 13685 | Lair:3   | Reached skill level 19 in Crossbows
 13685 | Lair:3   | Reached XP level 13. HP: 73/82 MP: 13/13
 13700 | Lair:3   | Killed Nergalle
 13732 | Lair:3   | Noticed a seven-headed hydra
 13742 | Lair:3   | Killed a seven-headed hydra
 13752 | Lair:3   | Reached skill level 20 in Crossbows
 13764 | Lair:3   | Noticed a five-headed hydra
 13769 | Lair:3   | Killed a five-headed hydra
 13773 | Lair:3   | Noticed a six-headed hydra
 13779 | Lair:3   | Killed a six-headed hydra
 13785 | Lair:3   | Found a staircase to the Swamp.
 13877 | Lair:3   | Reached skill level 21 in Crossbows
 13965 | Lair:3   | Noticed Rupert
 13974 | Lair:3   | Killed Rupert
 14725 | Lair:4   | Reached **** piety under Makhleb
 14776 | Lair:4   | Found a staircase to the Snake Pit.
 14983 | Lair:4   | Found a bloodstained altar of Trog.
 15286 | Lair:4   | Noticed an eight-headed hydra
 15289 | Lair:4   | Killed an eight-headed hydra
 15746 | Lair:5   | Found a runed translucent door.
 15746 | Lair:5   | Found a viscous altar of Jiyva.
 15746 | Lair:5   | Noticed an azure jelly
 15747 | Lair:5   | Noticed an azure jelly
 15747 | Lair:5   | Noticed an azure jelly
 15835 | Lair:5   | Reached skill level 22 in Crossbows
 15846 | Lair:5   | Found a staircase to the Slime Pits.
 15846 | Lair:5   | Noticed an azure jelly
 16258 | Lair:6   | Entered Level 6 of the Lair of Beasts
 16261 | Lair:6   | Noticed a six-headed hydra
 16263 | Lair:6   | Noticed a catoblepas
 16268 | Lair:5   | Killed a six-headed hydra
 16269 | Lair:5   | Reached XP level 14. HP: 74/88 MP: 14/14
 16382 | Lair:6   | Reached skill level 23 in Crossbows
 16387 | Lair:6   | Reached ***** piety under Makhleb
 16650 | Lair:6   | Reached skill level 24 in Crossbows
 16693 | Lair:6   | Found a burning altar of Makhleb.
 16699 | Lair:6   | Found a gateway to Hell.
 16699 | Lair:6   | Found the ring of the Mage {Wiz Archmagi}
 16958 | Lair:6   | Reached XP level 15. HP: 92/92 MP: 15/15
 17591 | D:11     | Reached skill level 25 in Crossbows
 17937 | D:11     | Found a shimmering altar of Xom.
 17938 | D:11     | Found a shimmering altar of Xom.
 17939 | D:11     | Found a shimmering altar of Xom.
 18091 | D:11     | Found a staircase to the Orcish Mines.
 19018 | Orc:1    | Entered Level 1 of the Orcish Mines
 19022 | Orc:1    | Reached skill level 26 in Crossbows
 19026 | Orc:1    | Reached ****** piety under Makhleb
 19132 | Orc:2    | Entered Level 2 of the Orcish Mines
 19546 | Orc:2    | Found Tevaut's Distillery.
 19554 | Orc:2    | Found Aseom's General Store.
 19561 | Orc:2    | Bought a throwing net for 36 gold pieces
 19720 | Orc:2    | Paralysed by an orc sorcerer for 7 turns
 19856 | Orc:2    | Found Moteutupn's Antique Armour Shop.
 19856 | Orc:2    | Found Zoas's Book Boutique.
 19861 | Orc:2    | Found a one-way gate leading to the halls of Pandemonium.
 19951 | Orc:2    | Found a staircase to the Elven Halls.
 21064 | D:14     | Reached XP level 16. HP: 101/101 MP: 16/16
 21409 | Snake:1  | Entered Level 1 of the Snake Pit
 21478 | Lair:4   | HP: 1/103 [poisoned by a naga ritualist (splash of poison)]
 21479 | Lair:4   | Succumbed to a naga ritualist's splash of poison

Illustrated notes

Levels and vault maps discovered:
D:1:      giann_bridges, layout_loops_corners, serial_forest,
          infiniplex_forest_end_3, infiniplex_forest_clump_double,
          infiniplex_forest_lined_1, infiniplex_forest_lined_room_2,
          infiniplex_forest_clump_small, infiniplex_forest_clump_tiny,
          infiniplex_forest_zigzag_1
D:2:      layout_basic, shapermc_ecumenical_altar_starsandcircs, serial_forest,
          infiniplex_forest_lined_3, infiniplex_forest_lined_3,
          infiniplex_forest_end_1, infiniplex_forest_straight_2,
          infiniplex_forest_corner_1, infiniplex_forest_zigzag_2,
          grunt_ministairs_10, hangedman_decor_push,
          chequers_serial_rivers_marsh
D:3:      layout_basic, kennysheep_generic_room_14, uniq_grinder, uniq_jessica
D:4:      layout_layer_cave, uniq_sigmund
D:5:      layout_loops_cross, minmay_temple_entry_proselytizer, serial_undead,
          serial_undead_c, serial_undead_b, serial_undead_c, serial_undead_e,
          serial_undead_a, serial_undead_e, dk_noncrumbling_3,
          serial_park_tiny_2, grunt_ministairs_7, columned_hall_lemuel,
          minivault_26, minmay_manual_mess
D:6:      layout_basic, serial_aquarium, aquarium_bridge_long_joined
          [aquarium_subvault_wall, aquarium_subvault_bridge,
          aquarium_subvault_balcony, aquarium_subvault_bridge,
          aquarium_subvault_wall, aquarium_subvault_bridge],
          aquarium_window_corridor_3, aquarium_window_fake,
          aquarium_window_fake, aquarium_window_2, aquarium_view_2c,
          aquarium_pool_side, corexii_checkpoint_a
D:7:      layout_gridville, nicolae_stop_n_shop_2
D:8:      layout_loops_ring, bloody_makhleb, uniq_maurice
D:9:      layout_basic
D:10:     layout_roguey, minmay_lair_entry_grove
D:11:     layout_loops_cross, hiddenorc1_lemuel, xom_shifter_show
D:12:     layout_irregular_city, kennysheep_pointless_box
D:13:     layout_basic
D:14:     layout_stronghold, grunt_vaults_entry_fortified,
          infiniplex_staircase_zigzag_4, minmay_radiant
Temple:   kilobyte_greek_temple
Lair:1:   layout_chaotic_city, infiniplex_staircase_pool, grunt_megastairs_5,
          uniq_sonja
Lair:2:   wad_woods_structure_01, layout_misc_corridors, uniq_maggie
Lair:3:   layout_roguey, skrybe_swamp_entry_bodies,
          chequers_serial_rivers_large_b, small_statue_intersection,
          serial_bayou_shore_b, uniq_amaemon, uniq_rupert, uniq_nergalle,
          uniq_urug
Lair:4:   cheibrodos_lair_river_kwai, layout_long_grid,
          minmay_snake_entry_guardpost_small, basic_altar,
          infiniplex_staircase_pool_2, serial_bayou_shore_a
Lair:5:   layout_loops_ring, slime_altar_2, lemuel_fruit_tree
Lair:6:   evil_forest, layout_hall_layers
Snake:1:  layout_gridlike, special_room, hellmonk_ghost_happy_afterlife,
          nicolae_snake_gridmaze_swirls, nicolae_shop_clearance, uniq_aizul,
          uniq_nikola
Orc:1:    layout_diamond_mine, ebering_ghost_inner_flame
Orc:2:    pf_orc_diabolical, layout_caves, basic_altar

Skill      XL: |  1  2  3  4  5  6  7  8  9 10 11 12 13 14 15 |
---------------+----------------------------------------------+-----
Crossbows      | 6 7 8 10 11 16 19 22 24 26 | 26.0
Fighting       | 3 4 6 9 10 12 | 12.5
Armour         | 1 3 4 5 7 9 |  9.0
Dodging        | 3 5 7 10 11 | 11.5
Stealth        | |  1.3

Action                   |  1- 3 |  4- 6 |  7- 9 | 10-12 | 13-15 | 16-18 || total
-------------------------+-------+-------+-------+-------+-------+-------++-------
 Fire: Hand crossbow     |    62 |   148 |   215 |   311 |       |       ||   736
       Triple crossbow   |       |       |       |    87 |   589 |    10 ||   686
Throw: Throwing net      |       |       |       |     3 |       |       ||     3
Evoke: Wand              |       |       |       |       |     3 |       ||     3
  Use: Scroll            |     4 |     6 |     5 |    11 |     9 |     1 ||    36
       Potion            |       |     1 |       |     3 |     3 |       ||     7
Armor: Leather armour    |     2 |    16 |       |       |       |       ||    18
       Robe              |       |       |    18 |    20 |       |       ||    38
       Swamp dragon scal |       |       |       |    18 |    98 |       ||   116
       Acid dragon scale |       |       |       |       |    24 |     4 ||    28
Dodge: Dodged            |     5 |    52 |    79 |   173 |   382 |    42 ||   733
Block: Buckler           |       |     9 |    20 |    45 |       |       ||    74

Table legend: (Time is in decaauts)
 A = Elapsed time spent in this place.
 B = Non-inter-level travel time spent in this place.
 C = Inter-level travel time spent in this place.
 D = Time resting spent in this place.
 E = Time spent auto-exploring this place.
 F = Levels seen in this place.
 G = Mean time per level.
                   A        B        C        D        E       F      G
               +--------+--------+--------+--------+--------+-----+--------+
         Total |  21790 |  20538 |   1252 |   2595 |  14772 |  24 |  907.9 |
       Dungeon |  13809 |  13123 |    686 |   1841 |   9415 |  14 |  986.4 |
        Temple |    343 |    251 |     92 |      0 |    207 |   1 |  343.0 |
          Lair |   6121 |   5726 |    395 |    460 |   4325 |   6 | 1020.2 |
     Snake Pit |      8 |      8 |      0 |      0 |      0 |   1 |    8.0 |
  Orcish Mines |   1506 |   1428 |     78 |    294 |    825 |   2 |  753.0 |
               +--------+--------+--------+--------+--------+-----+--------+

Top non-repeatable levels by time:
     D:4: 1433 daAuts
     D:6: 1363 daAuts
   Orc:2: 1346 daAuts
  Lair:4: 1242 daAuts
    D:10: 1233 daAuts
     D:9: 1233 daAuts
     D:5: 1161 daAuts
     D:1: 1124 daAuts
     D:3: 1087 daAuts
  Lair:2: 1063 daAuts
  Lair:1: 1062 daAuts
     D:2: 1026 daAuts
  Lair:6: 987 daAuts
  Lair:3: 947 daAuts
    D:11: 930 daAuts
